 Dungeon Crawl Stone Soup version 0.30-a0-1163-gf69bf04e7a (webtiles) character file.

Game seed: 8566558470812014387

46961 IdlyInterested the Severer (level 14, -8/105 HPs)
             Began as a Demonspawn Fighter on Apr 26, 2023.
             Was a High Priest of Trog.
             Mangled by a fire giant
             ... wielding a +1 great sword of flaming
              (10 damage)
             ... on level 15 of the Dungeon on Apr 28, 2023.
             The game lasted 00:55:56 (14458 turns).

IdlyInterested the Severer (Demonspawn Fighter)    Turns: 14458, Time: 00:55:56

Health: -8/105     AC: 23    Str: 22    XL:     14   Next: 6%
Magic:  0/14       EV: 13    Int:  4    God:    Trog [*****.]
Gold:   733        SH: 10    Dex: 15    Spells: 13/13 levels left

rFire   . . .        M - +8 war axe of Causality {drain, Fly Will+ Int-5}
rCold   . . .        k - +0 kite shield
rNeg    . . .        K - +4 chain mail "Zenecs" {Contam rPois rCorr Int-4 SInv}
rPois   +            z - +1 helmet "Temai" {*Corrode +Blink Fly Regen+}
rElec   .            B - +1 cloak {Will+}
rCorr   +            h - +0 pair of gloves
SInv    +            C - +1 pair of boots {Fly}
Will    ++++.        r - amulet of guardian spirit Stlth
                     b - ring of willpower
HPRegen 1.17/turn    N - +6 ring of strength
MPRegen 0.14/turn

%: corrode self (3%), guardian spirit
@: flying
A: repulsion field 2, ignite blood 2, powered by death 1, weakness stinger 2
a: Renounce Religion, Evoke Blink, Berserk, Trog's Hand, Brothers in Arms


You were on level 15 of the Dungeon.
You worshipped Trog.
Trog was extremely pleased with you.
You visited 2 branches of the dungeon, and saw 16 of its levels.
You also visited: Bailey.

You collected 1773 gold pieces.
You spent 1040 gold pieces at shops.

Inventory:

Hand Weapons
 I - a +4 broad axe of flaming
 M - the +8 war axe of Causality (weapon) {drain, Fly Will+ Int-5}
   (You found it on level 6 of the Dungeon)

   Int:       It affects your intelligence (-5).
   Fly:       It grants you flight.
   Will:      It increases your willpower.
Missiles
 l - 40 boomerangs (quivered)
 t - 4 curare-tipped darts
 x - a throwing net
 R - 5 javelins
 T - 2 atropa-tipped darts
 Y - 4 silver boomerangs
Armour
 d - a +3 plate armour
 h - a +0 pair of gloves (worn)
 k - a +0 kite shield (worn)
 z - the +1 helmet "Temai" (worn) {*Corrode +Blink Fly Regen+}
   (You found it in a bailey)

   Fly:       It grants you flight.
   +Blink:    It lets you blink.
   Regen:     It increases your rate of health regeneration.
   *Corrode:  It may corrode you when you take damage.
 B - a +1 cloak of willpower (worn)
 C - a +1 pair of boots of flying (worn)
 K - the +4 chain mail "Zenecs" (worn) {Contam rPois rCorr Int-4 SInv}
   (You found it on level 5 of the Dungeon)

   Int:       It affects your intelligence (-4).
   rPois:     It protects you from poison.
   SInv:      It lets you see invisible.
   Contam:    It causes magical contamination when unequipped.
   rCorr:     It protects you from acid and corrosion.
 V - a +2 robe of fire resistance
 W - a +1 leather armour of cold resistance
Jewellery
 a - a +6 ring of strength
 b - a ring of willpower (left hand)
 j - a ring of willpower
 r - an amulet of guardian spirit (around neck)
 y - a ring of ice
 N - a +6 ring of strength (right hand)
Wands
 w - a wand of iceblast (28)
 Q - a wand of mindburst (23)
 S - a wand of digging (8)
 Z - a wand of paralysis (14)
Scrolls
 n - 3 scrolls of enchant armour
 q - a scroll of fog
 s - a scroll of butterflies
 u - a scroll of torment {unknown}
 A - a scroll of fear {unknown}
 E - 4 scrolls of vulnerability
 F - 2 scrolls of blinking
 H - a scroll of poison {unknown}
 P - 6 scrolls of teleportation
 U - a scroll of enchant weapon {unknown}
 X - a scroll of silence {unknown}
Potions
 e - 3 potions of heal wounds
 f - 7 potions of attraction
 i - a potion of cancellation
 m - 8 potions of curing
 o - a potion of invisibility
 p - 3 potions of haste
 D - a potion of resistance
 G - a potion of magic
 J - 3 potions of might
 L - 7 potions of flight
 O - 2 potions of ambrosia
Miscellaneous
 c - a phial of floods


   Skills:
 - Level 8.0 Fighting
 * Level 19.7 Axes
 - Level 3.0 Throwing
 - Level 8.0 Armour
 - Level 6.0 Dodging
 - Level 3.0 Stealth
 + Level 5.6 Shields
 - Level 3.0 Evocations


You had 13 spell levels left.
You didn't know any spells.
Your spell library contained the following spells:

 Spells                   Type           Power      Damage    Failure   Level
 Foxfire                  Conj/Fire      0%         2x1d4     100%        1
 Cigotuvi's Dreadful Rot  Necr/Pois/Air  0%         N/A       100%        2
 Sublimation of Blood     Necr           0%         N/A       100%        2
 Call Canine Familiar     Summ           0%         N/A       100%        3
 Ignite Poison            Fire/Tmut/Pois 0%         N/A       100%        3
 Portal Projectile        Hex/Tloc       0%         N/A       100%        3
 Leda's Liquefaction      Hex/Erth       0%         N/A       100%        4
 Petrify                  Tmut/Erth      0%         N/A       100%        4
 Fireball                 Conj/Fire      0%         3d3       100%        5
 Freezing Cloud           Conj/Ice/Air   0%         6-21      100%        5
 Irradiate                Conj/Tmut      0%         3d11      100%        5
 Plasma Beam              Fire/Air       0%         2x1d11    100%        6
 Starburst                Conj/Fire      0%         6d3       100%        6


Dungeon Overview and Level Annotations

Branches:
Dungeon (15/15)            Temple (1/1) D:7            Lair (0/5) D:9
    Orc (0/2) D:11         Vaults (0/5) D:14         Depths (0/4) D:15
 Bailey (visited)

Altars:
Ashenzari
Cheibriados
Dithmenos
Fedhas
Gozag
Hepliaklqana
Kikubaaqudgha
Makhleb
Nemelex Xobeh
Okawaru
Qazlal
Ru
Sif Muna
Trog
Uskayaw
Vehumet
Wu Jian
Xom
Yredelemnul

Shops:
D:1 [   D:4 :   D:6 =   D:15 [


Innate Abilities, Weirdness & Mutations

You are surrounded by a moderate repulsion field. (EV +3)
Your demonic aura often causes spilled blood to erupt in flames.
You regenerate a little health from kills.
You have a tail ending in a sharp stinger.


Message History

You barely miss the red ugly thing.
The red ugly thing is heavily wounded.
You slash the red ugly thing! You tail-slap the red ugly thing.
The red ugly thing is severely wounded.
The red ugly thing is engulfed in blazing flames.
You block the red ugly thing's attack.
You barely miss the red ugly thing.
You tail-slap the red ugly thing, but do no damage.
The red ugly thing is almost dead.
The red ugly thing tail-slaps you.
You are engulfed in flames!
You slice the red ugly thing!!
You kill the red ugly thing!
Trog accepts your kill.
A freezing wraith comes into view.
You slash the freezing wraith! You tail-slap the freezing wraith!
The freezing wraith is heavily damaged.
You slash the freezing wraith!
The freezing wraith is severely damaged.
You block the freezing wraith's attack.
The freezing wraith hits you but does no damage.
You completely miss the freezing wraith.
The freezing wraith is severely damaged.
The freezing wraith barely misses you. The freezing wraith hits you.
You slice the freezing wraith!!
You destroy the freezing wraith!
Trog accepts your kill.
A skeletal warrior comes into view. It is wielding a +0 short sword.
A skeletal warrior comes into view. It is wielding a +0 dire flail.
The sentinel's mark upon you fades away.
The fire giant points at you and mumbles some strange words.
The fireball explodes!
The fireball engulfs you!!
The fire giant hits you with a +1 great sword of flaming!
The fire giant burns you.
* * * LOW HITPOINT WARNING * * *
You barely miss the fire giant. You tail-slap the fire giant.
The fire giant is lightly wounded.
The fire giant hits you with a +1 great sword of flaming!!
* * * LOW HITPOINT WARNING * * *
The fire giant burns you!
You die... #.# #.# #.# #.# ##.# zz#

#C# #@# #.# #.# # #°# #
#.####### ####
.#######........ #...
.[....†..####### #.##
##.##.#†..## #.##
#$.......)###########.##


You could see a fire giant and 2 skeletal warriors.

Vanquished Creatures
  Jorgrun (D:14)
  The ghost of Poegoxum the Bludgeoner, a journeyman DrGl of the Shining One (D:13)
  Azrael (D:14)
  A fire dragon (D:15)
  Snorg (D:10)
  Josephine (D:13)
  Erolcha (D:12)
  A hydra (D:11)
  A boulder beetle (D:14)
  A catoblepas (D:14)
  5 centaur warriors
  7 two-headed ogres
  A tengu warrior (D:13)
  2 death knights
  Urug (D:10)
  A skeletal warrior (D:15)
  A necromancer (D:14)
  2 phantasmal warriors (D:15)
  19 ugly things
  2 manticores (D:14)
  4 cyclopes
  Joseph (D:7)
  A gargoyle (D:10)
  A kobold demonologist (D:11)
  Psyche (D:8)
  An unseen horror (D:13)
  A komodo dragon (D:10)
  A rime drake (shapeshifter) (D:13)
  A freezing wraith (D:15)
  An efreet (D:14)
  A tengu conjurer (D:13)
  A troll (D:12)
  3 meliai (D:12)
  3 hornets
  Grinder (D:3)
  A raiju (shapeshifter) (D:15)
  11 slime creatures
  Sigmund (D:3)
  A centaur simulacrum (D:14)
  A shadow (D:10)
  2 wyverns
  A vampire (D:11)
  3 spriggans (D:13)
  6 wraiths
  2 fire elementals (D:14)
  The ghost of elongatedgoose the Shield-Bearer, an amateur MiFi (D:4)
  18 yaks
  A steam dragon (D:7)
  2 basilisks
  3 hell hounds (D:14)
  An ice beast (D:5)
  21 orc warriors
  3 sky beasts
  4 ogres
  A wolf (D:13)
  9 centaurs
  4 kobold brigands
  A phantom (D:7)
  Blork the orc (D:5)
  2 bullfrogs (D:7)
  2 gnoll sergeants (D:7)
  A scorpion (D:6)
  10 wights
  9 killer bees
  6 howler monkeys
  4 hounds
  A gnoll bouda (D:6)
  13 orc priests
  2 sleepcaps
  Crazy Yiuf (D:4)
  6 iguanas
  A jelly (D:6)
  13 orc wizards
  12 gnolls
  7 adders
  2 white imps (D:7)
  An ufetubus (D:7)
  A worm (D:2)
  2 dart slugs (D:1)
  69 orcs
  6 ball pythons
  7 endoplasms
  3 giant cockroaches (D:1)
  8 goblins
  17 hobgoblins
  A jackal (D:4)
  27 kobolds
  4 quokkas
  4 bats (D:1)
  3 frilled lizards
  7 rats
  A toadstool (D:9)
425 creatures vanquished.

Vanquished Creatures (others)
  A gnoll (D:7)
  A bush (D:15)
  6 fungi (D:9)
  7 plants (D:13)
  3 toadstools (D:9)
18 creatures vanquished.

Grand Total: 443 creatures vanquished

Notes
Turn   | Place    | Note
-------+----------+-------------------------------------------
     0 | D:1      | IdlyInterested the Demonspawn Fighter began the quest for
                  | the Orb.
     0 | D:1      | Reached XP level 1. HP: 18/18 MP: 1/1
   144 | D:1      | Reached skill level 2 in Axes
   157 | D:1      | Gained mutation: Your demonic aura sometimes causes spilled
                  | blood to erupt in flames. [demonic ancestry]
   157 | D:1      | Reached XP level 2. HP: 24/24 MP: 2/2
   222 | D:1      | Reached skill level 1 in Dodging
   349 | D:1      | Reached XP level 3. HP: 16/29 MP: 3/3
   577 | D:1      | Found a faded altar of an unknown god.
   606 | D:1      | Found Doat's Antique Armour Shop.
  1601 | D:3      | Gained mutation: You have a small tail. [demonic ancestry]
  1601 | D:3      | Reached XP level 4. HP: 30/35 MP: 4/4
  1809 | D:3      | Reached skill level 3 in Axes
  1903 | D:3      | Reached XP level 5. HP: 41/41 MP: 5/5
  1911 | D:3      | You fall into a shaft and drop 3 floors!
  1984 | D:5      | Entered Level 5 of the Dungeon
  1996 | D:5      | Noticed an ogre
  2106 | D:4      | Found Tomodyta's Self-Improvement Boutique.
  2121 | D:4      | Reached skill level 1 in Stealth
  2172 | D:4      | Found a runed translucent door.
  2173 | D:4      | Noticed Crazy Yiuf
  2272 | D:4      | Gained mutation: You are surrounded by a mild repulsion
                  | field. (EV +2) [demonic ancestry]
  2272 | D:4      | Reached XP level 6. HP: 47/47 MP: 6/6
  2314 | D:3      | Noticed Sigmund
  2323 | D:3      | Killed Sigmund
  2324 | D:3      | Reached skill level 4 in Axes
  2816 | D:3      | Noticed Grinder
  2836 | D:3      | Killed Grinder
  2837 | D:3      | Gained mutation: Your demonic aura often causes spilled
                  | blood to erupt in flames. [demonic ancestry]
  2837 | D:3      | Reached XP level 7. HP: 32/52 MP: 5/7
  3300 | D:4      | Reached skill level 5 in Axes
  3541 | D:4      | Noticed elongatedgoose's ghost (amateur MiFi)
  3643 | D:4      | Found a runed translucent gate.
  3643 | D:4      | Found a runed translucent gate.
  3643 | D:4      | Found a runed translucent gate.
  3849 | D:4      | Killed Crazy Yiuf
  4045 | D:4      | Reached skill level 1 in Evocations
  4046 | D:4      | Killed elongatedgoose's ghost
  4363 | D:5      | Gained mutation: You have a tail ending in a sharp stinger.
                  | [demonic ancestry]
  4363 | D:5      | Reached XP level 8. HP: 56/58 MP: 8/8
  4372 | D:5      | Reached skill level 6 in Axes
  4593 | D:5      | Identified the +4 chain mail "Zenecs" {Contam rPois rCorr
                  | Int-4 SInv}
  4703 | D:5      | HP: 1/60 [killer bee (5)]
  4947 | D:5      | Found a snail-covered altar of Cheibriados.
  5166 | D:5      | Found an iron altar of Okawaru.
  5166 | D:5      | Found a sparkling altar of Nemelex Xobeh.
  5178 | D:5      | Noticed Blork the orc
  5185 | D:5      | Killed Blork the orc
  5186 | D:5      | Reached skill level 7 in Axes
  5244 | D:6      | Identified the +8 war axe of Causality {drain, Fly Will+
                  | Int-5}
  5483 | D:6      | Found a shadowy altar of Dithmenos.
  5784 | D:6      | Found Hiuphan's Jewellery Boutique.
  6207 | D:7      | Reached XP level 9. HP: 58/65 MP: 7/9
  6209 | D:7      | Reached skill level 8 in Axes
  6630 | D:7      | Found a staircase to the Ecumenical Temple.
  6649 | Temple   | Entered the Ecumenical Temple
  6822 | D:7      | Reached skill level 5 in Fighting
  6828 | D:7      | Reached skill level 9 in Axes
  7106 | D:7      | Noticed Joseph
  7110 | D:7      | Killed Joseph
  7344 | D:8      | Reached skill level 10 in Axes
  7344 | D:8      | Reached skill level 5 in Armour
  7457 | D:8      | Found a flagged portal.
  7474 | Bailey   | Entered a bailey
  7512 | Bailey   | Gained mutation: You regenerate a little health from kills.
                  | [demonic ancestry]
  7512 | Bailey   | Reached XP level 10. HP: 74/74 MP: 8/10
  7737 | Bailey   | Identified the +1 helmet "Temai" {*Corrode +Blink Fly
                  | Regen+}
  7959 | D:7      | Upgraded the game from 0.30-a0-1160-g6e42c06551 to
                  | 0.30-a0-1163-gf69bf04e7a
  8027 | D:4      | Bought a manual of Axes for 1040 gold pieces
  8302 | D:8      | Reached skill level 11 in Axes
  8318 | D:8      | Found an ancient bone altar of Kikubaaqudgha.
  8510 | D:8      | Noticed Psyche
  8517 | D:8      | Killed Psyche
  8625 | D:8      | Found a bloodstained altar of Trog.
  8630 | D:8      | Became a worshipper of Trog the Wrathful
  8707 | D:9      | Noticed a cyclops
  8716 | D:9      | Reached skill level 12 in Axes
  8718 | D:9      | Killed a cyclops
  8981 | D:9      | Found a staircase to the Lair.
  9018 | D:9      | Found a blossoming altar of Fedhas.
  9199 | D:9      | Found an ornate altar of the Wu Jian Council.
  9199 | D:9      | Found a stormy altar of Qazlal.
  9206 | D:9      | Found a faded altar of an unknown god.
  9208 | D:9      | Found an opulent altar of Gozag.
  9210 | D:9      | Found a faded altar of an unknown god.
  9260 | D:10     | Entered Level 10 of the Dungeon
  9263 | D:10     | Noticed a two-headed ogre
  9272 | D:10     | Reached skill level 13 in Axes
  9276 | D:10     | Reached * piety under Trog
  9281 | D:10     | Killed a two-headed ogre
  9282 | D:10     | Reached XP level 11. HP: 81/81 MP: 7/11
  9368 | D:10     | Noticed Urug
  9375 | D:10     | Killed Urug
  9381 | D:10     | Reached skill level 14 in Axes
  9411 | D:10     | Noticed a two-headed ogre
  9417 | D:10     | Killed a two-headed ogre
  9442 | D:10     | Noticed Snorg
  9447 | D:10     | Killed Snorg
  9698 | D:11     | Reached skill level 15 in Axes
  9709 | D:11     | Noticed a four-headed hydra
  9715 | D:11     | Killed a five-headed hydra
  9779 | D:11     | Noticed a two-headed ogre
  9782 | D:11     | Killed a two-headed ogre
  9783 | D:11     | Reached skill level 16 in Axes
  9862 | D:11     | Reached ** piety under Trog
  9963 | D:11     | Found a staircase to the Orcish Mines.
 10130 | D:11     | Reached *** piety under Trog
 10811 | D:12     | Reached XP level 12. HP: 86/91 MP: 10/12
 10886 | D:12     | Noticed Erolcha
 10895 | D:12     | Killed Erolcha
 10900 | D:12     | Noticed a two-headed ogre
 10904 | D:12     | Killed a two-headed ogre
 10953 | D:12     | Noticed a two-headed ogre
 10960 | D:12     | Reached skill level 17 in Axes
 10970 | D:12     | Killed a two-headed ogre
 10970 | D:12     | Reached **** piety under Trog
 11352 | D:13     | Noticed a centaur warrior
 11361 | D:13     | Killed a centaur warrior
 11464 | D:13     | Found a runed translucent door.
 11465 | D:13     | Noticed Poegoxum's ghost (journeyman DrGl)
 11465 | D:13     | Identified the +3 spear of Biuvojoa {protect, Fly rElec rN+
                  | Int+2}
 11537 | D:13     | Noticed a centaur warrior
 11539 | D:13     | Noticed Josephine
 11555 | D:13     | Killed a centaur warrior
 11559 | D:13     | Killed Josephine
 11718 | D:13     | Noticed a tengu warrior
 11725 | D:13     | Killed a tengu warrior
 11833 | D:13     | Noticed a death knight
 11843 | D:13     | Killed a death knight
 12439 | D:13     | Reached skill level 18 in Axes
 12470 | D:13     | Killed Poegoxum's ghost
 12658 | D:14     | Reached XP level 13. HP: 98/98 MP: 13/13
 13013 | D:14     | Noticed Azrael
 13033 | D:14     | Killed Azrael
 13161 | D:14     | Found a gate to the Vaults.
 13295 | D:14     | Reached skill level 5 in Dodging
 13597 | D:14     | Noticed Jorgrun
 13610 | D:14     | Killed Jorgrun
 13610 | D:14     | Reached ***** piety under Trog
 13611 | D:14     | Reached skill level 19 in Axes
 14065 | D:15     | Entered Level 15 of the Dungeon
 14090 | D:15     | Noticed a fire dragon
 14101 | D:15     | Killed a fire dragon
 14215 | D:15     | Found Fuehan's Armour Emporium.
 14230 | D:15     | Reached skill level 5 in Shields
 14245 | D:15     | Found a staircase to the Depths.
 14246 | D:15     | Noticed a fire giant
 14427 | D:15     | Gained mutation: You are surrounded by a moderate repulsion
                  | field. (EV +3) [demonic ancestry]
 14427 | D:15     | Reached XP level 14. HP: 84/105 MP: 10/14
 14458 | D:15     | HP: 2/105 [fire giant/+1 great sword of flaming (28)]
 14458 | D:15     | Mangled by a fire giant

Illustrated notes

Levels and vault maps discovered:
D:1:      roderic_dead_forest, layout_loops_ring, serial_shops,
          nicolae_shop_trees, basic_ecumenical_altar, minmay_octomino_c4
D:2:      layout_rooms
D:3:      minmay_door_path, layout_basic, lemuel_coloured_pillars_altar,
          uniq_grinder, uniq_sigmund
D:4:      layout_basic, gammafunk_ghost_split, nicolae_shop_self_help,
          uniq_crazy_yiuf_cottage
D:5:      layout_rooms, mainiacjoe_overflow_two_lobes,
          gammafunk_temple_overflow_elements, uniq_blork_the_orc
D:6:      layout_loops_ring, mainiacjoe_overflow_24_doors, serial_shops, shop,
          serial_rivers, chequers_serial_rivers_micro_c,
          chequers_serial_rivers_large_a, chequers_serial_rivers_micro_a,
          chequers_serial_rivers_small_3, chequers_serial_rivers_marsh,
          chequers_serial_rivers_micro_a
D:7:      layout_rooms, minmay_temple_entry_junction, hangedman_decor_push,
          minmay_fractal_squares_diagonal_5, uniq_joseph
D:8:      layout_loops_ring, mainiacjoe_overflow_six_doors_small,
          mainiacjoe_overflow_brackets, enter_bailey_4, uniq_psyche
D:9:      layout_rooms, chequers_temple_overflow_minitemple,
          fedhas_altar_fruit_tree, lair_entry_dummy, minmay_gold_behind_fungi
D:10:     layout_roguey, uniq_snorg, uniq_urug
D:11:     layout_roguey, david_orc_4, special_room [special_room_orc]
D:12:     layout_rooms, uniq_erolcha
D:13:     layout_loops_corners, ebering_ghost_funeral_grove, uniq_josephine
D:14:     layout_grid_maze, david_vaults_1, uniq_azrael, uniq_jorgrun
D:15:     grunt_enter_depths_giant_problem, layout_loops_ring,
          minmay_hedge_maze, serial_shops,
          nicolae_shop_temple_entry_statues_fountains
Temple:   nicolae_temple_two_arcs

Skill      XL: |  1  2  3  4  5  6  7  8  9 10 11 12 13 |
---------------+----------------------------------------+-----
Armour         | 3 4 5 6 7 8 |  8.0
Axes           | 2 3 4 5 7 10 13 16 18 19 | 19.7
Dodging        | 1 2 3 4 6 |  6.0
Shields        | 3 4 5 |  5.6
Stealth        | 2 3 |  3.0
Throwing       | 2 3 |  3.0
Evocations     | 3 |  3.0
Fighting       | 4 5 6 7 8 |  8.0

Action                     |  1- 3 |  4- 6 |  7- 9 | 10-12 | 13-15 || total
---------------------------+-------+-------+-------+-------+-------++-------
  Melee: War axe           |   100 |   117 |   276 |   415 |   197 ||  1105
         Tailslap          |       |    15 |    31 |    66 |    60 ||   172
         Trident           |       |       |       |     4 |       ||     4
  Throw: Stone             |     2 |     6 |     3 |     8 |       ||    19
         Boomerang         |       |       |       |     6 |     2 ||     8
 Invoke: Berserk           |       |       |       |     1 |       ||     1
    Use: Potion            |       |       |     4 |       |       ||     4
         Scroll            |       |       |    10 |    10 |     1 ||    21
 Armour: Scale mail        |    54 |     5 |       |       |       ||    59
         Chain mail        |       |    43 |   179 |   191 |    62 ||   475
  Dodge: Dodged            |    66 |    49 |   198 |   149 |    50 ||   512
  Block: Buckler           |    23 |    22 |    92 |    71 |       ||   208
         Kite shield       |       |       |       |    12 |    59 ||    71

Table legend: (Time is in decaauts)
 A = Elapsed time spent in this place.
 B = Non-inter-level travel time spent in this place.
 C = Inter-level travel time spent in this place.
 D = Time resting spent in this place.
 E = Time spent auto-exploring this place.
 F = Levels seen in this place.
 G = Mean time per level.
                   A        B        C        D        E       F      G
               +--------+--------+--------+--------+--------+-----+--------+
         Total |  14514 |  12295 |   2219 |   1395 |   6910 |  17 |  853.8 |
       Dungeon |  13969 |  11804 |   2165 |   1384 |   6809 |  15 |  931.3 |
        Temple |    151 |     97 |     54 |      0 |     88 |   1 |  151.0 |
        Bailey |    393 |    393 |      0 |     11 |     13 |   1 |  393.0 |
               +--------+--------+--------+--------+--------+-----+--------+

Top non-repeatable levels by time:
    D:13: 1560 daAuts
     D:4: 1551 daAuts
    D:14: 1288 daAuts
     D:3: 1262 daAuts
     D:6: 1216 daAuts
     D:5: 1078 daAuts
     D:1: 1066 daAuts
    D:11: 993 daAuts
     D:8: 840 daAuts
     D:7: 824 daAuts
    D:12: 550 daAuts
     D:2: 544 daAuts
     D:9: 504 daAuts
    D:10: 399 daAuts
  Bailey: 393 daAuts
